 Dungeon Crawl Stone Soup version 0.25-a0-734-g73332aeda9 (webtiles) character file.

Game seed: 13956021315405417311, levelgen mode: deterministic

289808 Iflex the Impaler (level 20, -8/166 HPs)
             Began as a Merfolk Gladiator on Apr 9, 2020.
             Was a High Priest of Fedhas.
             Mangled by an acid blob (38 damage)
             ... on level 1 of the Pits of Slime on Apr 10, 2020.
             The game lasted 06:25:49 (57740 turns).

Iflex the Impaler (Merfolk Gladiator)              Turns: 57740, Time: 06:25:50

Health: -8/166     AC:  0    Str: 32    XL:     20   Next: 73%
Magic:  30/30      EV: 25    Int:  5    God:    Fedhas [*****.]
Gold:   5213       SH:  6    Dex: 18    Spells: 4/37 levels left

rFire    . . .     SeeInvis .   G - +7 trident (freeze)
rCold    + . .     Gourm    .   l - +0 buckler
rNeg     . . .     Faith    .   i - +4 ring mail "Fotor" {rElec Str+4 Stlth+}
rPois    .         Spirit   .   c - +0 helmet
rElec    +         Reflect  .   v - scarf {repulsion}
rCorr    +         Harm     .   r - +0 pair of gloves
MR       ++++.                  Y - +2 pair of boots
Stlth    ++++......             o - amulet of the acrobat
HPRegen  0.37/turn              P - ring "Mous Gorch" {rElec rC+ rCorr Str+8 Int-5}
MPRegen  0.22/turn              Q - ring of protection from magic

@: corroded, repel missiles
A: change form in water, swift swim, stealthy swim, camouflage 1, clever 1, low
mp 1, magic resistance 2, screaming 1
}: 2/15 runes: decaying, serpentine
a: Wall of Briars, Grow Ballistomycete, Overgrow, Grow Oklob, Renounce Religion


You were on level 1 of the Pits of Slime.
You worshipped Fedhas.
Fedhas was extremely pleased with you.
You were not hungry.

You visited 10 branches of the dungeon, and saw 39 of its levels.
You visited the Abyss 1 time.

You collected 6403 gold pieces.
You spent 1190 gold pieces at shops.

Inventory:

Hand Weapons
 G - a +7 trident of freezing (weapon)
Missiles
 d - 8 boomerangs (quivered)
 K - a boomerang of dispersal
Armour
 c - a +0 helmet (worn)
 i - the +4 ring mail "Fotor" (worn) {rElec Str+4 Stlth+}
   (You found it on level 8 of the Dungeon)

   It affects your strength (+4).
   It insulates you from electricity.
   It makes you more stealthy.
 l - a +0 buckler (worn)
 r - a +0 pair of gloves (worn)
 v - a scarf of repulsion (worn)
 E - a +3 ring mail of magic resistance
 F - a +3 chain mail of cold resistance
 W - a scarf of resistance
 Y - a +2 pair of boots (worn)
Jewellery
 a - an uncursed ring of poison resistance
 o - an amulet of the acrobat (around neck)
 p - an uncursed amulet of guardian spirit
 q - an uncursed ring of protection from fire
 s - an uncursed ring of wizardry
 w - an uncursed ring of positive energy
 B - an uncursed amulet of magic regeneration
 J - an uncursed ring of ice
 M - an uncursed ring of see invisible
 O - an uncursed ring of ice
 P - the ring "Mous Gorch" (left hand) {rElec rC+ rCorr Str+8 Int-5}
   (You took it off a deep elf annihilator on level 3 of the Elven Halls)

   [ring of resist corrosion]

   It affects your strength (+8).
   It affects your intelligence (-5).
   It protects you from cold.
   It insulates you from electricity.
   It provides partial protection from all sources of acid and corrosion.
 Q - a ring of protection from magic (right hand)
 V - an uncursed ring of poison resistance
 Z - an uncursed ring of protection from cold
Wands
 h - a wand of random effects (19)
 X - a wand of enslavement (13)
Scrolls
 e - a scroll of brand weapon
 g - 11 scrolls of remove curse
 n - 4 scrolls of magic mapping
 u - 2 scrolls of fog
 x - 7 scrolls of amnesia
 y - a scroll of teleportation
 z - 6 scrolls of enchant armour
 A - a scroll of fear
 H - 5 scrolls of silence
 N - a scroll of identify
Potions
 b - 3 potions of brilliance
 j - 9 potions of lignification
 C - 3 potions of stabbing
 D - 3 potions of cancellation
 I - 3 potions of curing
 L - 4 potions of flight
 S - 2 potions of mutation
Miscellaneous
 k - 3 tins of tremorstones
 m - a box of beasts
 R - a phantom mirror
Comestibles
 f - 55 rations


   Skills:
 - Level 16.3 Fighting
 - Level 20.0 Polearms
 - Level 13.3 Throwing
 + Level 7.2 Armour
 + Level 16.9 Dodging
 - Level 4.3 Stealth
 + Level 7.0 Shields
 + Level 9.3 Spellcasting
 - Level 0.2 Conjurations
 + Level 9.0 Hexes
 - Level 1.3 Charms
 - Level 7.8 Translocations
 - Level 7.0 Transmutations
 * Level 8.9 Poison Magic
 + Level 11.0 Invocations


You had 4 spell levels left.
You knew the following spells:

 Your Spells              Type           Power        Failure   Level  Hunger
a - Blink                 Tloc           N/A          1%          2    ##.....
b - Shroud of Golubria    Chrm/Tloc      #.....       6%          2    ##.....
c - Corona                Hex            ##.....      1%          1    #......
d - Slow                  Hex            ##......     1%          2    ##.....
e - Sting                 Tmut/Pois      ##..         1%          1    #......
f - Tukima's Dance        Hex            ##......     1%          3    ###....
g - Mephitic Cloud        Conj/Pois/Air  #.......     24%         3    ###....
h - Teleport Other        Tloc           ##......     3%          3    ###....
j - Cause Fear            Hex            ##........   7%          4    #####..
k - Confusing Touch       Hex            ##......     1%          3    ###....
l - Swiftness             Chrm/Air       #.......     30%         2    ##.....
m - Olgreb's Toxic Radia  Pois           ##......     7%          4    #####..
n - Gell's Gravitas       Tloc           ##........   3%          3    ###....

Your spell library contained the following spells:

 Spells                   Type           Power        Failure   Level  Hunger
 Apportation              Tloc           ##....       1%          1    #......
 Portal Projectile        Hex/Tloc       ##....       2%          3    ###....
 Lesser Beckoning         Tloc           ##........   3%          3    ###....
 Spider Form              Tmut/Pois      ##........   3%          3    ###....
 Ensorcelled Hibernation  Hex/Ice        #.....       6%          2    ##.....
 Poisonous Vapours        Pois/Air       #.....       7%          2    ##.....
 Passwall                 Tmut/Erth      #.......     10%         2    ##.....
 Ignite Poison            Fire/Tmut/Pois #.......     10%         3    ###....
 Spectral Weapon          Hex/Chrm       #.......     10%         3    ###....
 Passage of Golubria      Tloc           N/A          11%         4    #####..
 Dazzling Flash           Conj/Hex       #.....       12%         3    ###....
 Inner Flame              Hex/Fire       #.......     13%         3    ###....
 Summon Guardian Golem    Hex/Summ       #.......     13%         3    ###....
 Infusion                 Chrm           #...         16%         1    #......
 Recall                   Summ/Tloc      N/A          16%         3    ###....
 Song of Slaying          Chrm           #.......     24%         2    ##.....
 Animate Skeleton         Necr           N/A          26%         1    #......
 Foxfire                  Conj/Fire      #...         26%         1    #......
 Sandblast                Erth           #.....       26%         1    #......
 Shock                    Conj/Air       #...         26%         1    #......
 Summon Small Mammal      Summ           #...         26%         1    #......
 Call Imp                 Summ           #.......     38%         2    ##.....
 Sublimation of Blood     Necr           #.........   38%         2    ##.....
 Leda's Liquefaction      Hex/Erth       #.........   38%         4    #####..
 Ozocubu's Armour         Chrm/Ice       #.......     52%         3    ###....
 Petrify                  Tmut/Erth      #.......     54%         4    #####..
 Conjure Flame            Conj/Fire      #.......     61%         3    ###....
 Static Discharge         Conj/Air       #.......     61%         3    ###....
 Stone Arrow              Conj/Erth      #.....       61%         3    ###....
 Call Canine Familiar     Summ           #.......     63%         3    ###....
 Vampiric Draining        Necr           #.........   63%         3    ###....
 Airstrike                Air            #.........   95%         4    #####..
 Animate Dead             Necr           N/A          95%         4    #####..
 Sticky Flame             Conj/Fire      #.......     95%         4    #####..
 Summon Ice Beast         Ice/Summ       #.......     95%         4    #####..
 Summon Lightning Spire   Summ/Air       #.......     95%         4    #####..
 Alistair's Intoxication  Tmut/Pois      ##......     28%         5    ######.
 Yara's Violent Unravell  Hex/Tmut       ##........   28%         5    ######.
 Metabolic Englaciation   Hex/Ice        #.........   75%         5    ######.
 Eringya's Noxious Bog    Tmut/Pois      ##........   85%         6    #######
 Irradiate                Conj/Tmut      #.........   86%         5    ######.
 Hydra Form               Tmut           #.........   93%         6    #######
 Iskenderun's Battlesphe  Conj/Chrm      #.......     99%         5    ######.
 Agony                    Necr           #.......     100%        5    ######.
 Bolt of Magma            Conj/Fire/Erth #.........   100%        5    ######.
 Borgnjor's Vile Clutch   Necr/Erth      #.........   100%        5    ######.
 Fireball                 Conj/Fire      #.........   100%        5    ######.
 Lee's Rapid Deconstruct  Erth           #.........   100%        5    ######.
 Lightning Bolt           Conj/Air       #.........   100%        5    ######.
 Death Channel            Necr           #.........   100%        6    #######
 Freezing Cloud           Conj/Ice/Air   #.........   100%        6    #######
 Iron Shot                Conj/Erth      #.........   100%        6    #######
 Simulacrum               Ice/Necr       #.........   100%        6    #######
 Starburst                Conj/Fire      #.........   100%        6    #######
 Statue Form              Tmut/Erth      #........    100%        6    #######
 Dragon Form              Tmut           #.........   100%        7    #######
 Orb of Destruction       Conj           #.........   100%        7    #######
 Ring of Flames           Chrm/Fire      #.........   100%        7    #######
 Spellforged Servitor     Conj/Summ      #.........   100%        7    #######
 Ignition                 Fire           #.........   100%        8    #######
 Shatter                  Erth           #.........   100%        9    #######


Dungeon Overview and Level Annotations

Branches:
Dungeon (15/15)            Temple (1/1) D:7            Lair (6/6) D:9
  Swamp (4/4) Lair:4        Snake (4/4) Lair:3        Slime (2/5) Lair:6
    Orc (2/2) D:12            Elf (3/3) Orc:2        Vaults (1/5) D:13
 Depths (1/5) D:15

Altars:
Ashenzari
Cheibriados
Dithmenos
Elyvilon
Fedhas
Gozag
Hepliaklqana
Kikubaaqudgha
Makhleb
Nemelex Xobeh
Okawaru
Qazlal
Ru
Sif Muna
Trog
Uskayaw
Vehumet
Wu Jian
Xom
Yredelemnul
Zin
The Shining One
Beogh
Jiyva

Shops:
D:5 }   D:15 (   Orc:2 =:=!   Elf:3 }   Snake:2 }=}

Annotations:
D:11 Fannar
Lair:1 3 runed translucent doors, Ynur's ghost, novice DDFi
Lair:4 1 exclusion
Snake:3 c la merde en bas
Orc:2 !c pa mal


Innate Abilities, Weirdness & Mutations

You revert to your normal form in water.
You are very nimble and swift while swimming.
You are very stealthy in the water. (Stealth+)
Your skin changes colour to match your surroundings (Stealth+).
Your mind is acute. (Int +2)
Your magical capacity is low. (-10% MP)
You are highly resistant to hostile enchantments. (MR++)
You occasionally shout uncontrollably at your foes.


Message History

* * * LOW HITPOINT WARNING * * *
The acid blob is severely wounded.
The acid blob spits acid at you. The splash of acid hits you! You resist.
* * * LOW HITPOINT WARNING * * *
You are splashed with acid!
You resist.
* * * LOW HITPOINT WARNING * * *
You block the acid blob's attack.
Casting: Shroud of Golubria (safe; 6% risk of failure)
Confirm with . or Enter, or press ? or * to list all spells.
Okay, then.
Attack whom?
Press: ? - help, Dir - move target cursor, f - acid blob
Aim: an acid blob (heavily wounded)
You hit the acid blob but do no damage.
Your hands burn!
* * * LOW HITPOINT WARNING * * *
The acid blob is heavily wounded.
The acid blob hits you!!!
You die...
Fedhas appreciates your contribution to the ecosystem.

.##....####..........####........
.........#.#.....#....#..........
.##..............#...............
.#...........................##..
..................#......#...#.#.
...............#.#.......#......#
.....#............#..............
...####.........>J...............
....##.#........@..........###..#
##.##.....................## ####
###.....................## ##.##
##.#.........<.........##....#
###...#....................#
##.#...........#.......###
###..................^..#
#...................##...#
.......#...............#...#


You could see an acid blob.

Vanquished Creatures
  Nikola (Swamp:2)
  Jorgrun (Swamp:2)
  2 deep elf blademasters (Elf:3)
  4 acid blobs
  2 deep elf master archers (Elf:3)
  Donald (Swamp:3)
  9 nagarajas
  4 deep elf sorcerers (Elf:3)
  An orc warlord (Elf:3)
  3 deep elf elementalists (Elf:3)
  An ironheart preserver (D:13)
  5 deep elf demonologists (Elf:3)
  Nessos (D:13)
  2 dire elephants
  3 deep elf annihilators (Elf:3)
  7 deep elf death magi
  A death ooze (Slime:1)
  2 deep elf high priests (Elf:3)
  3 jiangshi
  Erolcha (D:11)
  15 hydras
  2 great orbs of eyes
  A catoblepas (Lair:6)
  11 naga warriors
  10 alligators
  5 centaur warriors
  14 anacondas
  An ogre mage (D:13)
  10 two-headed ogres
  30 dancing weapons
  6 death yaks
  7 naga sharpshooters
  A deep troll shaman (Lair:6)
  3 tengu warriors
  A vampire mage (Depths:1)
  11 deep elf knights
  Sonja (D:11)
  6 shock serpents
  A skeletal warrior (D:14)
  A flayed ghost (Depths:1)
  13 swamp dragons
  A spriggan druid (Swamp:4)
  3 sea snakes (Snake:2)
  3 unseen horrors
  15 deep elf archers
  50 deep elf magi
  7 naga ritualists
  11 orc knights
  An orange crystal statue (D:10)
  9 ugly things
  Pikel (D:7)
  An orc sorcerer (D:12)
  7 mana vipers
  A wolf spider (D:15)
  10 cyclopes
  7 salamanders
  3 shining eyes
  A manticore (D:11)
  Maurice (D:9)
  16 elephants
  24 naga magi
  31 black mambas
  11 guardian serpents
  20 spiny frogs
  Psyche (D:9)
  3 rime drakes
  4 gargoyles
  A kobold demonologist (D:11)
  An orange demon (Abyss:2)
  5 komodo dragons
  An efreet (Abyss:2)
  A redback zombie (D:14)
  A yaktaur (shapeshifter) (Elf:3)
  9 tyrant leeches
  2 ancient zymes (Abyss:2)
  A merfolk (D:10)
  3 trolls
  6 hornets
  A troll (shapeshifter) (D:12)
  29 slime creatures
  41 blink frogs
  4 polar bears
  4 bog bodies
  4 dream sheep
  Prince Ribbit (D:7)
  15 hippogriffs
  A ynoxinul (Abyss:2)
  3 shadows
  3 spriggans
  An air elemental (Elf:2)
  2 water elementals
  6 large abominations
  A wyvern (Lair:2)
  A yak (shapeshifter) (Elf:1)
  3 fire bats (Abyss:2)
  2 fire elementals
  2 basilisks
  67 yaks
  3 vampire mosquitoes
  6 hungry ghosts
  6 wargs
  10 water moccasins
  8 swamp worms
  22 insubstantial wisps
  47 nagas
  8 porcupines
  Purgy (D:4)
  45 orc warriors
  3 slaves (D:7)
  9 swamp drakes
  15 ice beasts
  3 eyes of draining
  2 black bears
  2 phantoms
  2 necrophages
  A hornet zombie (D:6)
  4 sky beasts
  28 centaurs
  16 wolves
  7 ogres
  4 boggarts (Lair:5)
  12 crocodiles
  3 big kobolds
  2 elf zombies (Elf:1)
  13 bullfrogs
  An earth elemental (Elf:2)
  2 wyvern zombies
  2 scorpions
  2 wyvern skeletons
  9 killer bees
  17 wights
  An electric eel (Snake:2)
  4 howler monkeys
  3 small abominations
  2 bullfrog zombies
  8 crimson imps
  4 centaur zombies
  3 quasits
  6 jellies
  7 hounds
  A gnoll shaman (D:4)
  24 orc priests
  Crazy Yiuf (D:7)
  26 orc wizards
  2 bullfrog skeletons
  5 centaur skeletons
  Ijyb (D:5)
  4 iguanas
  10 worker ants
  A hound skeleton (D:4)
  A howler monkey skeleton (D:11)
  20 gnolls
  21 adders
  2 shadow imps
  An adder zombie (D:9)
  3 adder skeletons
  2 worms
  3 dart slugs
  8 leopard geckos
  133 orcs
  6 bats
  6 giant cockroaches
  3 goblins
  7 hobgoblins
  23 jackals
  6 quokkas
  7 frilled lizards
  16 kobolds
  A leopard gecko zombie (D:8)
  5 rats
1370 creatures vanquished.

Vanquished Creatures (collateral kills)
  2 nagarajas (Snake:4)
  A deep elf death mage (Elf:3)
  A naga warrior (Snake:2)
  5 anacondas (Snake:4)
  An alligator (Swamp:1)
  A swamp dragon (Swamp:4)
  2 orc knights (Orc:2)
  An orc sorcerer (Orc:2)
  3 naga ritualists
  3 black mambas
  2 guardian serpents (Snake:4)
  A naga mage (Snake:4)
  A yak (D:12)
  2 insubstantial wisps
  4 nagas
  A swamp drake (Swamp:4)
  4 orc warriors (Orc:2)
  2 wolves (Lair:1)
  A howler monkey (D:12)
  2 orcs
  11 ballistomycete spores
51 creatures vanquished.

Vanquished Creatures (others)
  2 thorn hunters (Swamp:3)
  A nagaraja (Snake:4)
  5 hydras
  4 shambling mangroves
  An anaconda (Snake:2)
  2 alligators (Swamp:3)
  A deep elf knight (Elf:2)
  A spriggan druid (Swamp:4)
  A swamp dragon (Swamp:4)
  2 deep elf magi (Elf:2)
  A spiny frog (Swamp:4)
  A tengu conjurer (D:14)
  A tyrant leech (Swamp:4)
  6 hornets
  2 blink frogs (Swamp:3)
  3 spriggans
  An air elemental (Elf:1)
  4 vampire mosquitoes (Swamp:4)
  A swamp worm (Swamp:4)
  2 dancing weapons
  4 swamp drakes
  An orc priest (Orc:1)
  An orc (Orc:1)
  2 ballistomycete spores (Elf:2)
  2 bushes (Abyss:2)
  11 fungi
  35 plants
98 creatures vanquished.

Grand Total: 1519 creatures vanquished

Notes
Turn   | Place    | Note
-------+----------+-------------------------------------------
     0 | D:1      | Iflex the Merfolk Gladiator began the quest for the Orb.
     0 | D:1      | Reached XP level 1. HP: 16/16 MP: 1/1
   115 | D:1      | Reached XP level 2. HP: 19/22 MP: 2/2
   124 | D:1      | Reached skill level 5 in Polearms
   612 | D:1      | Reached XP level 3. HP: 28/28 MP: 3/3
  1197 | D:2      | Noticed a sky beast
  1206 | D:2      | Killed a sky beast
  1206 | D:2      | Reached skill level 6 in Polearms
  1206 | D:2      | Reached skill level 1 in Armour
  1206 | D:2      | Reached skill level 1 in Stealth
  1206 | D:2      | Reached XP level 4. HP: 29/34 MP: 4/4
  1206 | D:2      | Reached XP level 5. HP: 34/39 MP: 5/5
  1241 | D:2      | Reached skill level 5 in Dodging
  1324 | D:2      | Found a sparkling altar of Nemelex Xobeh.
  2408 | D:3      | Reached XP level 6. HP: 14/46 MP: 6/6
  2673 | D:4      | Reached skill level 7 in Polearms
  3805 | D:4      | Reached XP level 7. HP: 47/52 MP: 7/7
  4158 | D:4      | Reached skill level 8 in Polearms
  4469 | D:4      | Noticed Purgy
  4475 | D:4      | Killed Purgy
  4548 | D:4      | Got an opalescent robe
  4734 | D:4      | Identified the +1 robe of Pan-Flutes {Int+4} (You found it
                  | on level 4 of the Dungeon)
  4760 | D:5      | Entered Level 5 of the Dungeon
  4965 | D:5      | Reached XP level 8. HP: 60/60 MP: 8/8
  4970 | D:5      | Noticed Ijyb
  4978 | D:5      | Reached skill level 9 in Polearms
  4979 | D:5      | Paralysed by Ijyb for 7 turns
  4996 | D:5      | Paralysed by Ijyb for 2 turns
  4999 | D:5      | Killed Ijyb
  5022 | D:5      | Learned a level 2 spell: Blink
  5025 | D:5      | Learned a level 2 spell: Shroud of Golubria
  5327 | D:5      | Found Gozinoaf's Gadget Boutique.
  5686 | D:6      | Reached skill level 10 in Polearms
  5914 | D:6      | Found a stormy altar of Qazlal.
  6298 | D:6      | Found an ornate altar of the Wu Jian Council.
  6300 | D:6      | Found a shadowy altar of Dithmenos.
  6300 | D:6      | Found a snail-covered altar of Cheibriados.
  6302 | D:6      | Found a glowing silver altar of Zin.
  6302 | D:6      | Found a shimmering altar of Xom.
  6302 | D:6      | Found a hide-covered altar of Uskayaw.
  6410 | D:6      | Reached skill level 5 in Fighting
  6410 | D:6      | Reached XP level 9. HP: 59/67 MP: 9/9
  6804 | D:7      | Reached skill level 11 in Polearms
  6970 | D:7      | Noticed Prince Ribbit
  6986 | D:7      | Killed Prince Ribbit
  7020 | D:7      | Reached skill level 5 in Throwing
  7380 | D:7      | Found a runed translucent door.
  7381 | D:7      | Noticed Crazy Yiuf
  7386 | D:7      | Killed Crazy Yiuf
  7439 | D:7      | Found a staircase to the Ecumenical Temple.
  7498 | Temple   | Entered the Ecumenical Temple
  7921 | Temple   | Became a worshipper of Fedhas Madash
  8285 | D:7      | Noticed Pikel
  8293 | D:7      | Killed Pikel
  8293 | D:7      | Reached skill level 12 in Polearms
  8375 | D:8      | Got a shimmering ring mail
  8392 | D:8      | Identified the +4 ring mail "Fotor" {rElec Str+4 Stlth+}
                  | (You found it on level 8 of the Dungeon)
  8393 | D:8      | Gained mutation: Scrolls take you a little longer to read.
                  | [potion of mutation]
  8393 | D:8      | Gained mutation: You expend magic power (3 MP) to
                  | strengthen your wands. [potion of mutation]
  8393 | D:8      | Gained mutation: You are frail. (-10% HP) [potion of
                  | mutation]
  8393 | D:8      | Gained mutation: You are resistant to hostile enchantments.
                  | (MR+) [potion of mutation]
  8394 | D:8      | Lost mutation: Scrolls take you a little longer to read.
                  | [potion of mutation]
  8394 | D:8      | Lost mutation: You are frail. (-10% HP) [potion of
                  | mutation]
  8394 | D:8      | Lost mutation: You expend magic power (3 MP) to strengthen
                  | your wands. [potion of mutation]
  8394 | D:8      | Gained mutation: Your skin changes colour to match your
                  | surroundings (Stealth+). [potion of mutation]
  8394 | D:8      | Gained mutation: You are highly resistant to hostile
                  | enchantments. (MR++) [potion of mutation]
  8394 | D:8      | Gained mutation: Your mind is acute. (Int +2) [potion of
                  | mutation]
  8490 | D:8      | Learned a level 1 spell: Corona
  8510 | D:8      | Found a white marble altar of Elyvilon.
  8665 | D:8      | Reached XP level 10. HP: 42/75 MP: 4/10
  8849 | D:8      | Reached skill level 1 in Translocations
  8850 | D:8      | Noticed a deep elf mage
  8869 | D:8      | Killed a deep elf mage
  8924 | D:8      | Reached * piety under Fedhas
  9156 | D:8      | Reached skill level 1 in Spellcasting
  9573 | D:8      | Reached skill level 13 in Polearms
 10222 | D:9      | Reached ** piety under Fedhas
 10314 | D:9      | Found a staircase to the Lair.
 10319 | Lair:1   | Entered Level 1 of the Lair of Beasts
 10457 | Lair:1   | Noticed a spiny frog
 10495 | Lair:1   | Killed a spiny frog
 10798 | Lair:1   | Found an opulent altar of Gozag.
 10850 | Lair:1   | Found a runed translucent gate.
 10850 | Lair:1   | Found a runed translucent gate.
 10850 | Lair:1   | Found a runed translucent gate.
 11001 | Lair:1   | Reached XP level 11. HP: 83/83 MP: 15/15
 11163 | Lair:1   | Noticed Ynur's ghost (novice DDFi)
 11911 | Lair:2   | Reached skill level 14 in Polearms
 12616 | Lair:3   | Reached *** piety under Fedhas
 13027 | Lair:2   | Reached skill level 1 in Charms
 13030 | Lair:2   | Reached XP level 12. HP: 92/92 MP: 17/19
 13099 | Lair:3   | Reached skill level 5 in Spellcasting
 13103 | Lair:3   | Reached skill level 5 in Translocations
 13327 | Lair:3   | Found a staircase to the Snake Pit.
 13589 | Lair:3   | Noticed an eight-headed hydra
 13609 | Lair:3   | Killed an eight-headed hydra
 13896 | Lair:3   | Noticed an eight-headed hydra
 13908 | Lair:3   | Killed an eight-headed hydra
 14247 | Lair:4   | Found a staircase to the Swamp.
 14280 | Lair:4   | Noticed an eight-headed hydra
 14286 | Lair:4   | Killed an eight-headed hydra
 14286 | Lair:4   | Reached **** piety under Fedhas
 14298 | Lair:4   | Reached skill level 15 in Polearms
 14334 | Lair:4   | Reached skill level 10 in Dodging
 14814 | Lair:4   | Reached XP level 13. HP: 101/101 MP: 22/22
 15241 | Lair:4   | Reached skill level 1 in Hexes
 16172 | Lair:5   | Reached ***** piety under Fedhas
 17215 | Lair:5   | Reached skill level 10 in Throwing
 17709 | Lair:6   | Entered Level 6 of the Lair of Beasts
 17746 | Lair:6   | Found a frozen archway.
 17812 | Lair:6   | Reached skill level 16 in Polearms
 18352 | Lair:6   | Noticed a dire elephant
 18754 | Lair:6   | Reached skill level 10 in Fighting
 18754 | Lair:6   | Reached XP level 14. HP: 92/110 MP: 20/24
 18990 | Lair:6   | Found a viscous altar of Jiyva.
 18990 | Lair:6   | Found a staircase to the Slime Pits.
 20116 | Lair:6   | Killed a dire elephant
 20716 | D:9      | Noticed Maurice
 20729 | D:9      | Killed Maurice
 20732 | D:9      | Reached skill level 1 in Invocations
 20797 | D:9      | Found a shadowy altar of Dithmenos.
 20842 | D:9      | Identified the Compendium of Good Luck and Envenoming
 21164 | D:9      | Noticed Psyche
 21173 | D:9      | Killed Psyche
 21270 | D:10     | Entered Level 10 of the Dungeon
 22160 | D:11     | Noticed Erolcha
 22162 | D:11     | Noticed Fannar
 22666 | D:11     | Noticed Sonja
 22735 | D:11     | Reached ****** piety under Fedhas
 22748 | D:11     | Killed Erolcha
 23815 | D:12     | Found a staircase to the Orcish Mines.
 24330 | D:12     | Reached XP level 15. HP: 90/119 MP: 22/27
 25461 | D:13     | Found a gate to the Vaults.
 25989 | D:13     | Reached skill level 5 in Armour
 26548 | D:13     | Noticed Nessos
 26569 | D:13     | Killed Nessos
 26569 | D:13     | Reached skill level 5 in Invocations
 27242 | D:14     | Upgraded the game from 0.25-a0-733-gf7d8cd8a05 to
                  | 0.25-a0-734-g73332aeda9
 27610 | D:15     | Entered Level 15 of the Dungeon
 27846 | D:15     | Reached skill level 1 in Shields
 28277 | D:15     | Found Hurops's Weapon Shop.
 28457 | D:15     | Found a staircase to the Depths.
 28853 | D:15     | Reached XP level 16. HP: 104/129 MP: 21/28
 29080 | Orc:1    | Entered Level 1 of the Orcish Mines
 30127 | Orc:2    | Entered Level 2 of the Orcish Mines
 30279 | Orc:2    | Reached skill level 5 in Hexes
 30288 | Orc:2    | Found a roughly hewn altar of Beogh.
 30510 | Orc:2    | Found a staircase to the Elven Halls.
 30786 | Orc:2    | Found Bogheffy's Distillery.
 30863 | Orc:2    | Learned a level 2 spell: Slow
 30865 | Orc:2    | Learned a level 1 spell: Sting
 30869 | Orc:2    | Learned a level 3 spell: Tukima's Dance
 30874 | Orc:2    | Found Dukusuis's Jewellery Shoppe.
 30906 | Orc:2    | Bought an uncursed ring of ice for 425 gold pieces
 30906 | Orc:2    | Bought an uncursed ring of protection from magic for 425
                  | gold pieces
 30906 | Orc:2    | Bought an uncursed ring of poison resistance for 340 gold
                  | pieces
 31033 | Orc:2    | Found Oxtotoj's Jewellery Shoppe.
 31106 | Orc:2    | Found Ciobat's Book Boutique.
 31623 | D:11     | Killed Sonja
 31623 | D:11     | Reached skill level 17 in Polearms
 31820 | Snake:1  | Entered Level 1 of the Snake Pit
 33156 | Snake:2  | Noticed a nagaraja
 33187 | Snake:2  | Reached skill level 1 in Transmutations
 33216 | Snake:2  | Killed a nagaraja
 33216 | Snake:2  | Reached skill level 1 in Poison Magic
 34275 | Snake:2  | Found Yro Moam's Gadget Shoppe.
 34275 | Snake:2  | Found Goafif's Jewellery Shop.
 34276 | Snake:2  | Found Nuiz's Gadget Shoppe.
 34873 | Snake:2  | Reached skill level 5 in Shields
 35193 | Snake:3  | Reached XP level 17. HP: 123/137 MP: 27/30
 35744 | Snake:3  | Learned a level 3 spell: Mephitic Cloud
 35748 | Snake:3  | Learned a level 3 spell: Teleport Other
 37044 | Snake:4  | Entered Level 4 of the Snake Pit
 38091 | Snake:4  | Reached skill level 5 in Transmutations
 38109 | Snake:4  | Reached skill level 15 in Dodging
 38904 | Snake:4  | Found an ornate altar of the Wu Jian Council.
 39853 | Snake:4  | Reached XP level 18. HP: 144/144 MP: 31/31
 40431 | Snake:4  | Got a serpentine rune of Zot
 40462 | Snake:4  | Reached skill level 5 in Poison Magic
 40971 | Swamp:1  | Entered Level 1 of the Swamp
 40982 | Swamp:1  | You fall into a shaft and drop 1 floor!
 40982 | Swamp:2  | Noticed Jorgrun
 41041 | Swamp:2  | Killed Jorgrun
 41399 | Swamp:1  | Learned a level 3 spell: Spider Form
 41404 | Swamp:1  | Learned a level 4 spell: Cause Fear
 41408 | Swamp:1  | Learned a level 3 spell: Confusing Touch
 41900 | Swamp:1  | Identified a scroll of acquirement
 42632 | Swamp:2  | Noticed Nikola
 42654 | Swamp:2  | Killed Nikola
 42702 | Swamp:2  | Found a stormy altar of Qazlal.
 43424 | Swamp:3  | Noticed Donald
 43485 | Swamp:3  | Killed Donald
 44212 | Swamp:4  | Entered Level 4 of the Swamp
 45594 | Swamp:4  | Reached skill level 10 in Invocations
 45618 | Swamp:4  | Reached skill level 18 in Polearms
 45749 | Swamp:4  | Got a decaying rune of Zot
 46059 | Vaults:1 | Entered Level 1 of the Vaults
 46138 | Elf:1    | Entered Level 1 of the Elven Halls
 46576 | Slime:1  | Entered Level 1 of the Pits of Slime
 46914 | Depths:1 | Entered Level 1 of the Depths
 46926 | Depths:1 | Reached XP level 19. HP: 120/151 MP: 32/32
 47982 | Orc:2    | Cast into level 2 of the Abyss (+2 hand axe of distortion)
 47982 | Abyss:2  | Found a corrupted altar of Lugonu.
 48041 | Abyss:2  | Found a corrupted altar of Lugonu.
 48226 | Abyss:2  | Noticed a bone dragon
 48316 | Orc:2    | Escaped the Abyss
 49080 | Elf:1    | You fall into a shaft and drop 1 floor!
 49891 | Elf:2    | Found a runed translucent gate.
 49892 | Elf:2    | Found a runed translucent gate.
 49894 | Elf:2    | Found a runed translucent gate.
 50283 | Elf:2    | Learned a level 2 spell: Swiftness
 50288 | Elf:2    | Learned a level 4 spell: Olgreb's Toxic Radiance
 50292 | Elf:2    | Learned a level 3 spell: Gell's Gravitas
 51739 | Elf:1    | Identified Poggeop's Disquisition on Sinister Secrets
 52278 | Elf:2    | Reached skill level 19 in Polearms
 52483 | Elf:3    | Entered Level 3 of the Elven Halls
 52612 | Elf:3    | Reached XP level 20. HP: 160/160 MP: 33/33
 53344 | Elf:3    | HP: 4/161 [deep elf sorcerer/damnation (38)]
 53893 | Elf:3    | Reached skill level 15 in Fighting
 54159 | Elf:3    | Reached skill level 20 in Polearms
 54251 | Elf:3    | Found an ancient bone altar of Kikubaaqudgha.
 54304 | Elf:3    | Found Setooneus's Gadget Emporium.
 54862 | Elf:3    | Identified the +4 dagger "Plojy" {vorpal, +Inv MR+ Dex+2}
 54873 | Elf:3    | Identified the ring "Mous Gorch" {rElec rC+ rCorr Str+8
                  | Int-5}
 56480 | Elf:3    | Got a smoking ivory ring
 56572 | Elf:3    | Identified the ring "Sureh" {*Tele rF+} (You found it on
                  | level 3 of the Elven Halls)
 56636 | Elf:3    | Got a crude halberd
 56645 | Elf:3    | Identified the cursed +3 halberd of Dulasseve {pain, Str+7}
                  | (You found it on level 3 of the Elven Halls)
 57107 | Slime:1  | Gained mutation: You occasionally shout uncontrollably at
                  | your foes. [a shining eye]
 57111 | Slime:1  | Gained mutation: Your magical capacity is low. (-10% MP) [a
                  | shining eye]
 57740 | Slime:1  | Mangled by an acid blob

Levels and vault maps discovered:
D:1:      dpeg_arrival_court, layout_basic
D:2:      layout_basic, nemelex_altar_shiori, grunt_ministairs_15
D:3:      layout_rooms, first_ration, st_stairs_3, kennysheep_generic_room_15
D:4:      layout_basic, minmay_a_box_with_orc_wizards_in_it, uniq_purgy
D:5:      layout_rooms, serial_shops, nicolae_shop_stone, uniq_ijyb
D:6:      layout_basic, nicolae_qazlal_eye_of_the_storm, minivault_1,
          doesnt_xom_only_xom
D:7:      layout_loops_ring, minmay_temple_entry_statues_pillars,
          uniq_prince_ribbit1, uniq_pikel, uniq_crazy_yiuf_cottage
D:8:      layout_basic, elyvilon_altar_4
D:9:      layout_basic, marbit_many_paths, lair_entry_dummy, uniq_maurice,
          uniq_psyche
D:10:     layout_roguey, hangedman_fish_farm, minmay_statue_bubble
D:11:     layout_gridville, uniq_sonja, uniq_erolcha, uniq_fannar
D:12:     layout_rooms, hiddenorc2_lemuel, minmay_shattered_shrine
D:13:     layout_rooms, skrybe_vaults_entry_preservation, uniq_nessos
D:14:     layout_small_grid, nrook_campfire, minmay_starry_boxes
D:15:     hangedman_depths_entry_try_elsewhere_first, layout_long_grid,
          hangedman_decor_slide_cut, serial_shops, shop
Temple:   dpeg_five_rooms_temple
Lair:1:   layout_gridlike, basic_altar, gammafunk_ghost_icy
Lair:2:   layout_loops_ring, minmay_holes, st_stairs_12
Lair:3:   layout_regular_city, minmay_snake_entry_guardpost_small
Lair:4:   layout_cave_pods, swamp_mist
Lair:5:   layout_small_grid, kilobyte_rumbling_trees, grunt_megastairs_2,
          lemuel_fruit_fields
Lair:6:   grunt_lair_end_beastmaster, layout_misc_corridors, slime_altar_1,
          portal_ice_cave_entry_ice_beasts
Swamp:1:  layout_basic_swamp, nicolae_swamp_trees_clearing
Swamp:2:  layout_basic_swamp, basic_altar, swamp_pool4, uniq_jorgrun,
          uniq_nikola
Swamp:3:  layout_basic_swamp, evilmike_swamp_ruin_house_3, uniq_donald
Swamp:4:  swamp, layout_basic_swamp
Snake:1:  layout_rooms
Snake:2:  layout_cave_pods, serial_bayou_shore_a, minmay_shop_grove,
          grunt_megastairs_3, serial_bayou_shore_b
Snake:3:  layout_misc_corridors, st_stairs_12
Snake:4:  grunt_snake_rune_serpentine_throne, layout_gridlike, basic_altar
Slime:1:  layout_caves
Slime:2:  layout_caves
Orc:1:    layout_diamond_mine
Orc:2:    st_orc_town, layout_diamond_mine
Elf:1:    elf_arrival_002, layout_geoelf_octagon, minmay_elf_necromancy
Elf:2:    layout_geoelf_octagon
Elf:3:    elf_hall_gauntlet_wide, layout_gridlike, serial_shops,
          nicolae_shop_stone, basic_altar, special_room [special_room_orc]
Vaults:1: hangedman_vaults_snaps, v_alt_pattern_4, vaults_dpeg_encased_lava,
          v_rooms_3, vaults_room_grid, v_misc_10, grunt_vaults_hallway_short,
          nicolae_vaults_network_s, vaults_room_pools, special_room_vaults
          [special_room_orc], layout_vaults_chaotic_city, serial_shops,
          nicolae_shop_crystal, portal_desolation_entry_ruin
Depths:1: layout_twisted_cross, enter_ziggurat_c, lemuel_crystal_altar,
          serial_shops, nicolae_shop_behind_doors, grunt_hell_entry_dis_old,
          minmay_misc_feat_roman, wad_scary_box, uniq_enchantress, uniq_asterion

Skill      XL: |  1  2  3  4  5  6  7  8  9 10 11 12 13 14 15 16 17 18 19 20 |
---------------+-------------------------------------------------------------+-----
Polearms       | 5 6 7 8 10 12 13 14 15 16 17 18 19 20 | 20.0
Armour         | 1 2 3 4 5 6 7 |  7.2
Stealth        | 1 3 4 |  4.3
Dodging        | 5 6 7 8 10 11 13 14 15 16 | 16.9
Fighting       | 3 5 6 7 8 9 10 11 12 13 14 16 | 16.3
Throwing       | 3 5 6 8 9 10 11 12 13 | 13.3
Translocations | 2 4 5 6 7 |  7.8
Spellcasting   | 3 4 6 7 8 9 |  9.3
Charms         | 1 |  1.3
Hexes          | 1 2 4 5 7 8 9 |  9.0
Invocations    | 3 5 7 9 10 11 | 11.0
Shields        | 2 5 6 7 |  7.0
Transmutations | 2 6 7 |  7.0
Poison Magic   | 1 4 6 7 8 |  8.9
Conjurations   | |  0.2

Action                   |  1- 3 |  4- 6 |  7- 9 | 10-12 | 13-15 | 16-18 | 19-21 || total
-------------------------+-------+-------+-------+-------+-------+-------+-------++-------
Melee: Trident           |   119 |   206 |   424 |   514 |  1825 |  1867 |  1062 ||  6017
       Tailslap          |       |       |       |       |       |    56 |     1 ||    57
Throw: Throwing net      |     1 |     2 |     1 |     1 |    10 |       |       ||    15
       Boomerang         |       |     2 |    45 |   192 |   398 |   839 |   348 ||  1824
       Javelin           |       |       |    34 |    36 |     9 |       |       ||    79
 Cast: Corona            |       |       |     1 |     4 |    11 |    15 |     1 ||    32
       Blink             |       |       |       |    11 |    13 |    46 |    18 ||    88
       Shroud of Golubri |       |       |       |    11 |    24 |    30 |     6 ||    71
       Tukima's Dance    |       |       |       |       |       |    27 |     1 ||    28
       Slow              |       |       |       |       |       |     6 |     2 ||     8
       Teleport Other    |       |       |       |       |       |     3 |       ||     3
       Mephitic Cloud    |       |       |       |       |       |       |     4 ||     4
       Sting             |       |       |       |       |       |       |     1 ||     1
       Spider Form       |       |       |       |       |       |       |     1 ||     1
       Cause Fear        |       |       |       |       |       |       |     1 ||     1
Invok: Wall of Briars    |       |       |       |     2 |     6 |    10 |     4 ||    22
       Overgrow          |       |       |       |       |     2 |     8 |     5 ||    15
       Grow Oklob        |       |       |       |       |       |     4 |       ||     4
       Grow Ballistomyce |       |       |       |       |       |     1 |     1 ||     2
Evoke: Wand              |       |       |     1 |     2 |       |     3 |       ||     6
       Phantom mirror    |       |       |       |       |       |     1 |     2 ||     3
  Use: Potion            |       |     3 |     2 |     2 |     5 |    13 |    17 ||    42
       Scroll            |       |       |    17 |     5 |    13 |    21 |    14 ||    70
 Stab: Sleeping          |     2 |     6 |     6 |     6 |    24 |    14 |     7 ||    65
       Distracted        |       |     1 |     1 |     1 |     7 |     4 |     3 ||    17
       Held in net/web   |       |     1 |     1 |       |     1 |       |       ||     3
       Confused          |       |       |       |       |     3 |     1 |       ||     4
       Fleeing           |       |       |       |       |       |     1 |       ||     1
  Eat: Chunk             |     1 |     8 |     9 |    16 |    34 |    26 |    12 ||   106
       Ration            |       |       |     2 |     2 |     4 |    11 |     8 ||    27
Armor: Leather armour    |    34 |    36 |     8 |       |       |       |       ||    78
       Skin              |       |    21 |       |       |       |       |       ||    21
       Troll leather arm |       |       |    51 |       |       |       |       ||    51
       Ring mail         |       |       |     7 |    96 |   336 |   217 |   135 ||   791
Dodge: Dodged            |    94 |   133 |   238 |   314 |  1092 |  1250 |   518 ||  3639
       Deflected         |       |       |       |       |       |    35 |    53 ||    88
Block: Buckler           |       |       |       |       |    12 |   371 |   155 ||   538

Table legend:
 A = Non-vault XP
 B = Vault XP
 C = Vault XP percentage of total XP
 D = Non-vault monster count
 E = Vault monster count
 F = Vault count percentage of total count
                 A         B        C        D         E       F
            +---------+---------+-------+---------+---------+-------
      Total |  288538 |  178483 |  38.2 |    1070 |     346 |  24.4
            +---------+---------+-------+---------+---------+-------
        D:1 |      38 |       0 |   0.0 |      19 |       0 |   0.0
        D:2 |     165 |       3 |   1.8 |      18 |       2 |  10.0
        D:3 |     262 |      37 |  12.4 |      31 |       6 |  16.2
        D:4 |     403 |     211 |  34.4 |      23 |       3 |  11.5
        D:5 |     491 |      38 |   7.2 |      19 |       1 |   5.0
        D:6 |    1184 |       0 |   0.0 |      32 |       0 |   0.0
        D:7 |     510 |     884 |  63.4 |      16 |       3 |  15.8
        D:8 |    2126 |       0 |   0.0 |      42 |       0 |   0.0
        D:9 |    1507 |     948 |  38.6 |      26 |       3 |  10.3
       D:10 |    2612 |     910 |  25.8 |      29 |       2 |   6.5
       D:11 |    7512 |    1812 |  19.4 |      58 |       2 |   3.3
       D:12 |   13002 |    4472 |  25.6 |      82 |      39 |  32.2
       D:13 |    7430 |    5683 |  43.3 |      31 |      10 |  24.4
       D:14 |    8441 |    1287 |  13.2 |      38 |       4 |   9.5
       D:15 |   13790 |    2661 |  16.2 |      31 |       4 |  11.4
     Lair:1 |    3078 |       0 |   0.0 |      16 |       0 |   0.0
     Lair:2 |    3565 |     304 |   7.9 |      14 |       2 |  12.5
     Lair:3 |   10112 |     643 |   6.0 |      35 |       4 |  10.3
     Lair:4 |   12218 |       0 |   0.0 |      40 |       0 |   0.0
     Lair:5 |    6045 |    3482 |  36.5 |      25 |      11 |  30.6
     Lair:6 |    9543 |    9739 |  50.5 |      38 |      24 |  38.7
    Swamp:1 |   12010 |       0 |   0.0 |      31 |       0 |   0.0
    Swamp:2 |    7258 |    7094 |  49.4 |      19 |       2 |   9.5
    Swamp:3 |    9821 |    2121 |  17.8 |      28 |       1 |   3.4
    Swamp:4 |    8312 |   12703 |  60.4 |      27 |      20 |  42.6
    Snake:1 |   15249 |       0 |   0.0 |      33 |       0 |   0.0
    Snake:2 |   15840 |    3136 |  16.5 |      32 |       4 |  11.1
    Snake:3 |   21460 |     883 |   4.0 |      40 |       2 |   4.8
    Snake:4 |   15231 |   36626 |  70.6 |      28 |      61 |  68.5
    Slime:1 |   14032 |       0 |   0.0 |      20 |       0 |   0.0
    Slime:2 |    3136 |       0 |   0.0 |       3 |       0 |   0.0
      Orc:1 |    2257 |       0 |   0.0 |      19 |       0 |   0.0
      Orc:2 |    4604 |    9899 |  68.3 |      31 |      55 |  64.0
      Elf:1 |   18154 |    3288 |  15.3 |      30 |       8 |  21.1
      Elf:2 |   22633 |   23241 |  50.7 |      36 |      30 |  45.5
      Elf:3 |    8484 |   46378 |  84.5 |      14 |      43 |  75.4
   Depths:1 |    2631 |       0 |   0.0 |       3 |       0 |   0.0
    Abyss:2 |    3392 |       0 |   0.0 |      13 |       0 |   0.0
            +---------+---------+-------+---------+---------+-------
